 Dungeon Crawl Stone Soup version 0.29.0-11-gd7f09526c8 (webtiles) character file.

Game seed: 4539609073519824895

250 Powertoast the Changer (level 6, -1/48 HPs)
             Began as a Merfolk Transmuter on Sept 3, 2022.
             Slain by an orc
             ... wielding a +2 hand axe of flaming
              (2 damage)
             ... on level 4 of the Dungeon.
             The game lasted 00:14:46 (3258 turns).

Powertoast the Changer (Merfolk Transmuter)         Turns: 3258, Time: 00:14:47

Health: -1/48      AC:  7    Str: 10    XL:     6   Next: 13%
Magic:  7/9        EV: 12    Int: 14    God:
Gold:   118        SH:  0    Dex: 15    Spells: 6/9 levels left

rFire   . . .      SeeInvis .     - Unarmed
rCold   . . .      Faith    .   (no shield)
rNeg    . . .      Spirit   .   m - +0 leather armour
rPois   .          Reflect  .   (helmet currently unavailable)
rElec   .          Harm     .   (no cloak)
rCorr   .          Rampage  .   (no gloves)
Will    .....                   (boots currently unavailable)
Stlth   +.........              (no amulet)
HPRegen 0.16/turn               j - +4 ring of protection
MPRegen 0.11/turn               (no ring)

@: brilliant, appendages, wereblooded
A: horns 2, (nimble swimmer 2), mertail
a: End Transformation


You were on level 4 of the Dungeon.
You had temporarily grown beastly horns.
You visited 1 branch of the dungeon, and saw 4 of its levels.

You collected 118 gold pieces.

Inventory:

Missiles
 b - a throwing net
 f - 6 boomerangs of dispersal
Armour
 a - a +0 robe
 g - a +2 hat (melded)
 m - a +0 leather armour (worn)
Jewellery
 j - a +4 ring of protection (left hand)
Scrolls
 c - 3 scrolls of identify
 d - a scroll of amnesia {unknown}
 e - a scroll of summoning {unknown}
 i - 3 scrolls of teleportation {unknown}
 l - a scroll of magic mapping {unknown}
 n - a scroll of enchant weapon {unknown}
 p - a scroll of torment {unknown}
 q - a scroll of poison {unknown}
 r - a scroll of acquirement {unknown}
Potions
 h - a potion of invisibility {unknown}
 k - a potion of curing {unknown}
 o - 2 potions of brilliance
 s - a potion of heal wounds {unknown}


   Skills:
 + Level 4.2 Fighting
 + Level 1.3 Throwing
 + Level 3.4 Dodging
 + Level 1.0 Stealth
 + Level 4.1 Unarmed Combat
 + Level 2.2 Spellcasting
 + Level 4.2 Transmutations


You had 6 spell levels left.
You knew the following spells:

 Your Spells              Type           Power      Damage    Failure   Level
a - Beastly Appendage     Tmut           40%        N/A       5%          1
b - Wereblood             Tmut           20%        N/A       9%          2

Your spell library contained the following spells:

 Spells                   Type           Power      Damage    Failure   Level
 Spider Form              Tmut/Pois      11%        N/A       36%         3
 Ice Form                 Ice/Tmut       11%        N/A       78%         4


Dungeon Overview and Level Annotations

Branches:
Dungeon (4/15)
 Temple: D:4-7

Altars:

Annotations:
D:3 Sigmund


Innate Abilities, Weirdness & Mutations

You have temporarily grown beastly horns.
((You are very nimble when in or above water. (Stealth+, EV+, Speed+++)))
Your lower body shifts to a powerful aquatic tail in water.


Message History

You hear an angry hiss.
You hear a shout!
A gnoll comes into view. It is wielding a +0 whip.
Your transformation is almost over.
The orc shouts!
The ball python hisses angrily.
A gnoll comes into view. It is wielding a +0 flail.
The gnoll moves out of view. x2
You see here a throwing net.
b - a throwing net The orc attacks as you move away!
The orc closely misses you.
You hit the orc.
The orc is heavily wounded.
The gnoll hits you from afar with a +0 halberd.
The orc barely misses you.
You closely miss the orc. You headbutt the orc, but do no damage.
The orc is heavily wounded.
The gnoll hits you from afar with a +0 halberd.
The orc hits you with a +2 hand axe of flaming.
The orc burns you.
Casting: Wereblood (safe; 9% risk of failure)
Confirm with . or Enter, or press ? or * to list all spells.
You extend your transformation's duration.
The gnoll barely misses you.
The orc hits you with a +2 hand axe of flaming.
* * * LOW HITPOINT WARNING * * *
The orc burns you.
* * * LOW HITPOINT WARNING * * *
You feel clever all of a sudden.
The gnoll is no longer moving quickly. x2; The gnoll barely misses you.
The orc hits you with a +2 hand axe of flaming.
* * * LOW HITPOINT WARNING * * *
The orc burns you.
* * * LOW HITPOINT WARNING * * *
Okay, then.
The orc attacks as you move away! The orc misses you.
The gnoll is no longer moving quickly.
The orc attacks as you move away!
The orc hits you with a +2 hand axe of flaming!
* * * LOW HITPOINT WARNING * * *
The orc burns you.
You die...

### .. #. ####### #
###.## ....... #.#....#
......S
.#......#########o......
...........@o.g.ggg.....
........#########Sg.....
#####.#)....# ....... #
#####.# ....... #.#
....g.. #.# ..o.... #.##
...o... #..# ...o...
##.##


You could see 5 gnolls, 2 orcs and a ball python.

Vanquished Creatures
  A black bear (D:4)
  Ijyb (D:2)
  An orc wizard (D:3)
  5 adders
  A worm (D:2)
  10 orcs
  3 bats
  3 endoplasms
  4 giant cockroaches
  4 goblins
  5 hobgoblins
  4 kobolds
  2 quokkas (D:2)
  4 ball pythons
  3 frilled lizards
  4 rats
55 creatures vanquished.

Notes
Turn   | Place    | Note
-------+----------+-------------------------------------------
     0 | D:1      | Powertoast the Merfolk Transmuter began the quest for the
                  | Orb.
     0 | D:1      | Reached XP level 1. HP: 15/15 MP: 3/3
   105 | D:1      | Reached XP level 2. HP: 22/22 MP: 5/5
   623 | D:1      | Learned a level 2 spell: Wereblood
   988 | D:1      | Reached XP level 3. HP: 28/28 MP: 4/6
  1451 | D:2      | Reached skill level 1 in Throwing
  1965 | D:2      | Reached XP level 4. HP: 27/35 MP: 7/7
  2397 | D:3      | Noticed Ijyb
  2646 | D:2      | Killed Ijyb
  2831 | D:3      | Reached XP level 5. HP: 37/42 MP: 8/8
  3014 | D:3      | Noticed Sigmund
  3177 | D:4      | Noticed a black bear
  3186 | D:4      | Killed a black bear
  3187 | D:4      | Reached skill level 1 in Stealth
  3187 | D:4      | Reached XP level 6. HP: 26/48 MP: 7/9
  3258 | D:4      | HP: 1/48 [orc/+2 hand axe of flaming (7)]
  3258 | D:4      | Slain by an orc

Illustrated notes

Levels and vault maps discovered:
D:1:      elethiomel_arrival_fortress_basement, layout_basic
D:2:      minmay_angry_zag, layout_basic
D:3:      layout_rooms, kennysheep_okawaru_gauntlet, grunt_ministairs_1,
          uniq_ijyb, uniq_sigmund
D:4:      layout_basic, nicolae_qazlal_style_of_elements,
          grunt_gozag_breadcrumbs, cheibrodos_sewer_entry_bend,
          minmay_misc_feat_doors, uniq_grinder

Skill      XL: |  1  2  3  4  5 |
---------------+----------------+-----
Transmutations | 3 4 |  4.2
Fighting       | 2 3 4 |  4.2
Throwing       | 1 |  1.3
Dodging        | 3 |  3.4
Unarmed Combat | 4 |  4.1
Stealth        | 1 |  1.0
Spellcasting   | |  2.2

Action                   |  1- 3 |  4- 6 || total
-------------------------+-------+-------++-------
Melee: Unarmed           |   121 |   165 ||   286
       Headbutt          |     9 |    15 ||    24
       Punch             |     3 |     2 ||     5
 Cast: Beastly Appendage |    18 |    10 ||    28
       Wereblood         |       |     1 ||     1
  Use: Potion            |       |     2 ||     2
       Scroll            |       |     1 ||     1
 Stab: Sleeping          |     3 |     1 ||     4
Armor: Robe              |    17 |       ||    17
       Leather armour    |    23 |    53 ||    76
       Skin              |       |    13 ||    13
Dodge: Dodged            |    75 |    99 ||   174
